 Dungeon Crawl Stone Soup version 0.19-b1-5-gdc9fa9d (webtiles) character file.

118 Patate the Covert (level 4, -6/22 HPs)
             Began as a Spriggan Assassin on Nov 1, 2016.
             Mangled by a gnoll
             ... wielding a +0 flail
              (12 damage)
             ... on level 2 of the Dungeon.
             The game lasted 00:06:24 (2988 turns).

Patate the Covert (Spriggan Assassin)               Turns: 2988, Time: 00:06:25

Health: -6/22      AC:  3    Str:  7    XL:     4   Next: 72%
Magic:  5/5        EV: 17    Int: 12    God:
Gold:   136        SH:  0    Dex: 18    Spells: 0 memorised, 3 levels left

rFire  x . .     SeeInvis +     a - +3 dagger
rCold  + . .     Gourm    .     c - +0 robe
rNeg   . . .     Faith    .     (shield restricted)
rPois  .         Spirit   .     (helmet restricted)
rElec  .         Reflect  .     d - +0 cloak
rCorr  .         Harm     .     (gloves unavailable)
MR     .....                    (boots unavailable)
Stlth  ++++......               (no amulet)
                                (no ring)
                                h - ring of ice

@: very quick
A: unfitting armour, see invisible, herbivore 3, speed 3, slow metabolism 2
a: no special abilities


You were on level 2 of the Dungeon.
You were not hungry.

You visited 1 branch of the dungeon, and saw 3 of its levels.

You collected 136 gold pieces.

Inventory:

Hand Weapons
 a - a +3 dagger (weapon)
 b - a +0 blowgun
Missiles
 e - 5 poisoned needles
 f - 2 curare-tipped needles
Armour
 c - a +0 robe (worn)
 d - a +0 cloak (worn)
Jewellery
 h - a ring of ice (left hand)
Wands
 q - a wand of confusion (27/48)
Scrolls
 k - 2 scrolls of remove curse
 l - a scroll of recharging
 m - 4 scrolls of identify {unknown}
 o - a scroll of enchant armour {unknown}
 p - a scroll of random uselessness {unknown}
 r - 2 scrolls of magic mapping {unknown}
 t - a scroll of enchant weapon
Potions
 i - a potion of brilliance {unknown}
 j - 3 potions of heal wounds {unknown}
 s - a potion of magic {unknown}
 u - 2 potions of lignification {unknown}
Comestibles
 g - 2 bread rations
 n - a royal jelly


   Skills:
 - Level 1.5 Fighting
 - Level 2.1 Short Blades
 - Level 2.0 Throwing
 - Level 1.5 Dodging
 + Level 9.3 Stealth


You had 3 spell levels left.
You didn't know any spells.

Dungeon Overview and Level Annotations

Branches:
Dungeon (3/15)

Altars:

Annotations:
D:3 Grinder, Jessica, Terence


Innate Abilities, Weirdness & Mutations

You are very small and have problems with some larger weapons.
You are too small for most types of armour.
You have supernaturally acute eyesight. (SInv)
You are a herbivore.
You cover ground extremely quickly.
You need consume almost no food.


Message History

There is a stone staircase leading up, spattered with blood here.
The gnoll misses you. x2; The gnoll hits you but does no damage.
You climb upwards.
There is a stone staircase leading down here.
As you read the scroll labeled PUICKOOMAO, it crumbles to dust.
You feel blessed for a moment.
It was a scroll of remove curse.
The gnoll barely misses you. The gnoll hits you! The gnoll barely misses you.
You hit the gnoll.
The gnoll is heavily wounded.
The gnoll hits you with a flail. The gnoll hits you.
* * * LOW HITPOINT WARNING * * *
The gnoll barely misses you.
You hit the gnoll.
The gnoll is almost dead.
The gnoll closely misses you.
You puncture the gnoll!
You kill the gnoll!
The gnoll closely misses you. The gnoll hits you with a flail!
Ouch! That really hurt!
You die...

##.####.# #.# #.# #.#
#.# #.# ##'#### #.#
#.# #.# #.....# #.#
#.# #.# #.....# #.#
#.# #.# #.....# #.#
#.#
#.#############.....#
#.# #.#
#...................#
#.# #.#
#################...#
#.# #.#
#@.........#######
#.# #.#
#gg...............
#.# #.#
#.#######...#####.
#.# #.# #.# #.#.## #.
#.# #.# #.# #.#..# #.
#.# #.# #.#
#.##.####. #.####.#
#.# #.##......
#....#.# #.#
#.##...... ####.#.#
#.# ###.###.....


You could see 2 gnolls.

Vanquished Creatures
  Robin (D:2)
  2 gnolls (D:2)
  3 adders (D:2)
  A dart slug (D:3)
  An orc (D:3)
  A ball python (D:1)
  A giant cockroach (D:1)
  12 goblins
  12 hobgoblins
  8 jackals
  2 kobolds (D:2)
  5 bats
  3 frilled lizards
  2 rats (D:2)
54 creatures vanquished.

Notes
Turn   | Place    | Note
-------+----------+-------------------------------------------
     0 | D:1      | Patate the Spriggan Assassin began the quest for the Orb.
     0 | D:1      | Reached XP level 1. HP: 10/10 MP: 2/2
    22 | D:1      | Reached skill level 6 in Stealth
   419 | D:1      | Reached XP level 2. HP: 11/14 MP: 3/3
   638 | D:1      | Reached skill level 7 in Stealth
  1037 | D:1      | Reached XP level 3. HP: 13/18 MP: 4/4
  1222 | D:2      | Noticed Robin
  1518 | D:2      | Reached skill level 8 in Stealth
  1671 | D:2      | Reached XP level 4. HP: 22/22 MP: 5/5
  1858 | D:2      | Killed Robin
  2507 | D:3      | Noticed Terence
  2508 | D:3      | Reached skill level 9 in Stealth
  2511 | D:3      | Noticed Grinder
  2567 | D:3      | Noticed Jessica
  2988 | D:2      | Mangled by a gnoll

Skill      XL: |  1  2  3  4 |
---------------+-------------+-----
Stealth        | 6 7 8 9 |  9.3
Fighting       | |  1.5
Short Blades   | |  2.1
Throwing       | |  2.0
Dodging        | |  1.5

Action                   |  1- 3 |  4- 6 || total
-------------------------+-------+-------++-------
Melee: Dagger            |   120 |    41 ||   161
 Fire: Blowgun           |       |    10 ||    10
  Use: Scroll            |     3 |     1 ||     4
 Stab: Sleeping          |     7 |     6 ||    13
Armor: Robe              |    24 |     3 ||    27
Dodge: Dodged            |    86 |    33 ||   119
